 Dungeon Crawl Stone Soup version 0.20.1-1-g8b1a95d (webtiles) character file.

47 Inchmeat the Slasher (level 3, -1/29 HPs)
             Began as a Barachi Monk on Aug 31, 2017.
             Was a Believer of Ashenzari.
             Succumbed to Sigmund's poison
             ... on level 2 of the Dungeon.
             The game lasted 00:04:15 (1521 turns).

Inchmeat the Slasher (Barachi Monk)                 Turns: 1521, Time: 00:04:16

Health: -1/29      AC:  3    Str: 13    XL:     3   Next: 70%
Magic:  3/3        EV: 12    Int: 10    God:    Ashenzari [**....]
Gold:   47         SH:  0    Dex: 14    Spells: 2/2 levels left

rFire    . . .     SeeInvis .   a - +0 falchion (curse)
rCold    . . .     Gourm    .   (no shield)
rNeg     . . .     Faith    .   d - -2 ring mail (curse)
rPois    .         Spirit   .   (no helmet)
rElec    .         Reflect  .   (no cloak)
rCorr    .         Harm     .   (no gloves)
MR       .....     Rnd*Tele +   (no boots)
Stlth    +.........             (no amulet)
Regen    0.1/turn               k - ring of teleportation (curse)
MPRegen  0.1/turn               (no ring)

@: lethally poisoned (-1 -> -23), can't hop, slow
A: +LOS, swims, slowness 1, strong legs 1
a: Hop, Curse Item, Scrying, Renounce Religion


You were on level 2 of the Dungeon.
You worshipped Ashenzari.
Ashenzari was pleased with you.
You were hungry.

You visited 1 branch of the dungeon, and saw 2 of its levels.

You collected 47 gold pieces.

Inventory:

Hand Weapons
 a - a cursed +0 falchion (weapon)
Missiles
 h - 3 tomahawks (quivered)
Armour
 b - a +0 robe
 d - a cursed -2 ring mail (worn)
Jewellery
 k - a cursed ring of teleportation (left hand)
Scrolls
 e - a scroll of identify {unknown}
 i - a scroll of enchant weapon {unknown}
 j - a scroll of recharging {unknown}
 m - 5 scrolls of amnesia {unknown}
 n - 2 scrolls of magic mapping {unknown}
Comestibles
 c - a bread ration
 f - 2 fruits
 l - a royal jelly


   Skills:
 - Level 3.6 Fighting
 * Level 5.5(7.8) Long Blades
 - Level 3.2 Dodging
 - Level 1.7 Stealth


You had 2 spell levels left.
You didn't know any spells.

Dungeon Overview and Level Annotations

Branches:
Dungeon (2/15)

Altars:
Ashenzari
Okawaru
Trog
Vehumet

Annotations:
D:2 Sigmund


Innate Abilities, Weirdness & Mutations

Shadows flee at your approach. (+LOS)
You can swim through water.
You cover ground slowly.
You can hop short distances.


Message History

You are more poisoned.
Hop to where?
Press: ? - help, Dir - move target cursor Boing!
You feel sick.
You feel very sick.
Sigmund points at you and mumbles some strange words.
You are confused.
You bump into the rock wall.
You feel sick.
You bump into the rock wall.
You feel sick. Sigmund gestures at you while chanting.
The puff of flame hits you!
* * * LOW HITPOINT WARNING * * *
* * * LOW HITPOINT WARNING * * *
You feel very sick.
* * * LOW HITPOINT WARNING * * *
You feel sick. Sigmund closely misses you.
You aren't carrying any potions.
You're too confused!
You feel less confused.
You die...

#### ##### #.., #..(#
#.# #
########...###.##.#####
......>'...@@...>......
#####...###.#..#### ,
#...# #.#..... , , , <
#...# #†#.#* ##
#..(###.#.# #...#...#.#
* #...#.###.##
#...#......#
#########..# *


You could see Sigmund.

Vanquished Creatures
  An adder (D:2)
  An ooze (D:1)
  A dart slug (D:1)
  A leopard gecko (D:1)
  A giant cockroach (D:2)
  3 goblins
  3 hobgoblins
  3 jackals (D:1)
  5 kobolds
  A ball python (D:2)
  4 bats
  2 frilled lizards (D:1)
  3 rats
29 creatures vanquished.

Notes
Turn   | Place    | Note
-------+----------+-------------------------------------------
     0 | D:1      | Inchmeat the Barachi Monk began the quest for the Orb.
     0 | D:1      | Reached XP level 1. HP: 18/18 MP: 1/1
    64 | D:1      | Reached skill level 4 in Long Blades
    64 | D:1      | Reached XP level 2. HP: 21/24 MP: 2/2
   668 | D:1      | Found a shattered altar of Ashenzari.
   789 | D:1      | Reached skill level 5 in Long Blades
   789 | D:1      | Reached XP level 3. HP: 29/29 MP: 3/3
  1170 | D:1      | Became a worshipper of Ashenzari the Shackled
  1170 | D:1      | Reached * piety under Ashenzari
  1170 | D:1      | Reached ** piety under Ashenzari
  1317 | D:2      | Found a bloodstained altar of Trog.
  1328 | D:2      | Found a radiant altar of Vehumet.
  1434 | D:2      | Found an iron altar of Okawaru.
  1501 | D:2      | Noticed Sigmund
  1520 | D:2      | HP: 1/29 [poisoned by Sigmund]
  1521 | D:2      | Succumbed to Sigmund's poison

Skill      XL: |  1  2 |
---------------+-------+-----
Long Blades    | 4 5 |  5.5
Fighting       | |  3.6
Dodging        | |  3.2
Stealth        | |  1.7

Action                   || total
-------------------------++-------
Melee: Falchion          ||    95
Invok: Curse Item        ||     1
 Abil: Hop               ||     1
  Use: Potion            ||     3
 Stab: Sleeping          ||     1
  Eat: Chunk             ||     2
Armor: Robe              ||    18
       Ring mail         ||    12
Dodge: Dodged            ||    77
       Rpst.: Falchion   ||    19
